| TOP OF THE 1ST |
|
Tacoma Rainiers batting - Pitching for Charlotte Knights : RHP Andy Gibson
|
|
Pitching: RHP Andy Gibson
|
|
|
Batting: LHB Caleb Domino
|
0-0: SINGLE (Line Drive, 56D, EV 96.2 MPH)
|
|
Batting: RHB Brad Robidas
|
0-0: Grounds into double play, 4-6-3 (Groundball, 4, EV 99.4 MPH)
|
|
Batting: RHB Harutomi Matsubara
|
0-0: Ball 1-0: Called Strike 1-1: Fly out, F7 (Line Drive, 7, EV 98.8 MPH)
|
| Top of the 1st over - 0 runs, 1 hit, 0 errors, 0 left on base; Tacoma 0 - Charlotte 0 |
| BOTTOM OF THE 1ST |
|
Charlotte Knights batting - Pitching for Tacoma Rainiers : RHP Chris Gilbo
|
|
Pitching: RHP Chris Gilbo
|
|
|
Batting: RHB Jason Moss
|
0-0: Called Strike 0-1: Ball 1-1: Ball 2-1: SINGLE (Groundball, 56S, EV 65.0 MPH) (infield hit)
|
|
Batting: LHB John Thurman
|
0-0: Called Strike Jason Moss steals 2nd base 0-1: DOUBLE (Flyball, 78D, EV 87.5 MPH) Jason Moss scores
|
|
Batting: LHB Angel Tellez
|
0-0: Ball 1-0: Called Strike 1-1: Swinging Strike 1-2: Ball 2-2: Ground out 4-3 (Groundball, 4, EV 83.8 MPH) John Thurman to third
|
|
Batting: LHB Dustin Taylor
|
0-0: Called Strike 0-1: SINGLE (Groundball, 56S, EV 62.5 MPH) (infield hit) John Thurman scores
|
|
Batting: LHB Matt Hyde
|
0-0: Grounds into double play, 6-4-3 (Groundball, 6, EV 102.5 MPH)
|
| Bottom of the 1st over - 2 runs, 3 hits, 0 errors, 0 left on base; Tacoma 0 - Charlotte 2 |
| TOP OF THE 2ND |
|
Tacoma Rainiers batting - Pitching for Charlotte Knights : RHP Andy Gibson
|
|
Batting: LHB Ryan Lowe
|
0-0: Ground out U3 (Groundball, 34, EV 106.9 MPH)
|
|
Batting: RHB Tony Vargas
|
0-0: Fly out, F8 (Flyball, 89D, EV 98.1 MPH)
|
|
Batting: RHB Rick Ellis
|
0-0: Ball 1-0: Called Strike 1-1: Ball 2-1: Foul Ball, location: 2F 2-2: Ball 3-2: Strikes out looking
|
| Top of the 2nd over - 0 runs, 0 hits, 0 errors, 0 left on base; Tacoma 0 - Charlotte 2 |
| BOTTOM OF THE 2ND |
|
Charlotte Knights batting - Pitching for Tacoma Rainiers : RHP Chris Gilbo
|
|
Batting: RHB Micah Brown
|
0-0: Ground out U3 (Groundball, 3L, EV 85.0 MPH)
|
|
Batting: RHB Mike Warzecha
|
0-0: Ball 1-0: Foul Ball, location: 2F 1-1: Foul Ball, location: 2F 1-2: Fly out, F2 (Popup, 2LF, EV 91.2 MPH)
|
|
Batting: RHB Jose Medina
|
0-0: Called Strike 0-1: Ball 1-1: Ball 2-1: Swinging Strike 2-2: Foul Ball, location: 2F 2-2: Strikes out swinging
|
| Bottom of the 2nd over - 0 runs, 0 hits, 0 errors, 0 left on base; Tacoma 0 - Charlotte 2 |
| TOP OF THE 3RD |
|
Tacoma Rainiers batting - Pitching for Charlotte Knights : RHP Andy Gibson
|
|
Batting: RHB Tatsunori Hayakawa
|
0-0: Foul Ball, location: 2F 0-1: Ball 1-1: Foul Ball, location: 2F 1-2: DOUBLE (Flyball, 8LXD, EV 108.8 MPH)
|
|
Batting: RHB Kevin Chafe
|
0-0: Ball 1-0: Ball 2-0: Foul Ball, location: 2F 2-1: Foul Ball, location: 2F 2-2: Ball 3-2: Strikes out swinging
|
|
Batting: RHB Kikuo Sato
|
0-0: Ball 1-0: Called Strike 1-1: Foul Ball, location: 2F 1-2: DOUBLE (Line Drive, 7LS, EV 86.9 MPH) Tatsunori Hayakawa scores
|
|
Batting: LHB Caleb Domino
|
0-0: Called Strike 0-1: Ball 1-1: Ball 2-1: Foul Ball, location: 2F 2-2: Ball 3-2: Ground out 6-3 (Groundball, 6, EV 78.8 MPH) Kikuo Sato to third
|
|
Batting: RHB Brad Robidas
|
0-0: Ball 1-0: Swinging Strike 1-1: Foul Ball, location: 2F 1-2: Strikes out looking
|
| Top of the 3rd over - 1 run, 2 hits, 0 errors, 1 left on base; Tacoma 1 - Charlotte 2 |
| BOTTOM OF THE 3RD |
|
Charlotte Knights batting - Pitching for Tacoma Rainiers : RHP Chris Gilbo
|
|
Batting: RHB John Iddings
|
0-0: Foul Ball, location: 2F 0-1: Ball 1-1: Foul Ball, location: 2F 1-2: Foul Ball, location: 2F 1-2: Ball 2-2: Fly out, F7 (Line Drive, 7S, EV 100.0 MPH)
|
|
Batting: RHB Jason Moss
|
0-0: Called Strike 0-1: Foul Ball, location: 2F 0-2: Strikes out swinging
|
|
Batting: LHB John Thurman
|
0-0: Ball 1-0: Ball 2-0: Foul Ball, location: 2F 2-1: Fly out, F8 (Flyball, 78S, EV 91.2 MPH)
|
| Bottom of the 3rd over - 0 runs, 0 hits, 0 errors, 0 left on base; Tacoma 1 - Charlotte 2 |
| TOP OF THE 4TH |
|
Tacoma Rainiers batting - Pitching for Charlotte Knights : RHP Andy Gibson
|
|
Batting: RHB Harutomi Matsubara
|
0-0: Called Strike 0-1: SINGLE (Line Drive, 34D, EV 99.4 MPH)
|
|
Batting: LHB Ryan Lowe
|
Balk! Harutomi Matsubara to second 0-0: Ball 1-0: Called Strike 1-1: Ground out 1-3 (Groundball, 34S, EV 64.4 MPH) Harutomi Matsubara to third
|
|
Batting: RHB Tony Vargas
|
0-0: Ball Wild Pitch! Harutomi Matsubara scores 1-0: Ball 2-0: Called Strike 2-1: Foul Ball, location: 2F 2-2: Foul Ball, location: 2F 2-2: Foul Ball, location: 2F 2-2: Ball 3-2: Strikes out swinging
|
|
Batting: RHB Rick Ellis
|
0-0: Called Strike 0-1: Called Strike 0-2: Strikes out swinging
|
| Top of the 4th over - 1 run, 1 hit, 0 errors, 0 left on base; Tacoma 2 - Charlotte 2 |
| BOTTOM OF THE 4TH |
|
Charlotte Knights batting - Pitching for Tacoma Rainiers : RHP Chris Gilbo
|
|
Batting: LHB Angel Tellez
|
0-0: Ball 1-0: Called Strike 1-1: Called Strike 1-2: Ball 2-2: Ball 3-2: Foul Ball, location: 2F 3-2: Fly out, F9 (Flyball, 9D, EV 97.5 MPH)
|
|
Batting: LHB Dustin Taylor
|
0-0: Foul Ball, location: 2F 0-1: Ball 1-1: Foul Ball, location: 2F 1-2: SINGLE (Flyball, 7, EV 80.0 MPH)
|
|
Batting: LHB Matt Hyde
|
0-0: Fielders Choice at 2nd, 4-6 (Groundball, 4M, EV 107.5 MPH)
|
|
Batting: RHB Micah Brown
|
0-0: Ball 1-0: Ball 2-0: Foul Ball, location: 2F 2-1: Swinging Strike 2-2: Strikes out looking
|
| Bottom of the 4th over - 0 runs, 1 hit, 0 errors, 1 left on base; Tacoma 2 - Charlotte 2 |
| TOP OF THE 5TH |
|
Tacoma Rainiers batting - Pitching for Charlotte Knights : RHP Andy Gibson
|
|
Batting: RHB Tatsunori Hayakawa
|
0-0: Ground out U3 (Groundball, 23, EV 86.9 MPH)
|
|
Batting: RHB Kevin Chafe
|
0-0: Foul Ball, location: 2F 0-1: Ball 1-1: Foul Ball, location: 2F 1-2: Foul Ball, location: 2F 1-2: Foul Ball, location: 2F 1-2: Foul Ball, location: 2F 1-2: Foul Ball, location: 2F 1-2: Foul Ball, location: 2F 1-2: SINGLE (Groundball, 56S, EV 69.4 MPH) (infield hit)
|
|
Batting: RHB Kikuo Sato
|
0-0: Ball Kevin Chafe is caught stealing 2nd base 2-4 1-0: Ball 2-0: SINGLE (Groundball, 4MD, EV 108.1 MPH)
|
|
Batting: LHB Caleb Domino
|
0-0: Ball Kikuo Sato steals 2nd base 1-0: Called Strike 1-1: Ball 2-1: Called Strike 2-2: Ball 3-2: Strikes out looking
|
| Top of the 5th over - 0 runs, 2 hits, 0 errors, 1 left on base; Tacoma 2 - Charlotte 2 |
| BOTTOM OF THE 5TH |
|
Charlotte Knights batting - Pitching for Tacoma Rainiers : RHP Chris Gilbo
|
|
Batting: RHB Mike Warzecha
|
0-0: Ball 1-0: Ball 2-0: Called Strike 2-1: Foul Ball, location: 2F 2-2: Foul Ball, location: 2F 2-2: SINGLE (Groundball, 56D, EV 98.1 MPH)
|
|
Batting: RHB Jose Medina
|
0-0: Ball 1-0: Ball 2-0: Foul Ball, location: 2F 2-1: Ground out 4-3 (Groundball, 4S, EV 66.2 MPH) Mike Warzecha to second
|
|
Batting: RHB John Iddings
|
0-0: Called Strike 0-1: Ground out 6-3 (Groundball, 6, EV 92.5 MPH) Mike Warzecha to third
|
|
Batting: RHB Jason Moss
|
0-0: Ground out 4-3 (Groundball, 4, EV 105.6 MPH)
|
| Bottom of the 5th over - 0 runs, 1 hit, 0 errors, 1 left on base; Tacoma 2 - Charlotte 2 |
| TOP OF THE 6TH |
|
Tacoma Rainiers batting - Pitching for Charlotte Knights : RHP Andy Gibson
|
|
Batting: RHB Brad Robidas
|
0-0: Ball 1-0: Called Strike 1-1: Ball 2-1: Ground out 4-3 (Groundball, 4, EV 112.5 MPH)
|
|
Batting: RHB Harutomi Matsubara
|
0-0: Ball 1-0: Called Strike 1-1: Ground out 4-3 (Groundball, 4, EV 83.1 MPH)
|
|
Batting: LHB Ryan Lowe
|
0-0: Called Strike 0-1: Called Strike 0-2: Ball 1-2: Foul Ball, location: 2F 1-2: Fly out, F8 (Flyball, 8RXD, EV 95.6 MPH)
|
| Top of the 6th over - 0 runs, 0 hits, 0 errors, 0 left on base; Tacoma 2 - Charlotte 2 |
| BOTTOM OF THE 6TH |
|
Charlotte Knights batting - Pitching for Tacoma Rainiers : RHP Chris Gilbo
|
|
Batting: LHB John Thurman
|
0-0: Called Strike 0-1: Ball 1-1: SINGLE (Flyball, 5D, EV 81.9 MPH)
|
|
Batting: LHB Angel Tellez
|
0-0: Ball 1-0: Ball 2-0: Ball 3-0: Called Strike 3-1: Ground out U3 (Groundball, 3S, EV 67.5 MPH) John Thurman to second
|
|
Batting: LHB Dustin Taylor
|
0-0: Fly out, F8 (Flyball, 8RD, EV 91.9 MPH)
|
|
Batting: LHB Matt Hyde
|
0-0: SINGLE (Line Drive, 8LS, EV 110.0 MPH) John Thurman to third Runner from 3rd tries for Home, SAFE, throw by CF to home
|
|
Batting: RHB Micah Brown
|
0-0: Ball 1-0: Ball 2-0: SINGLE (Groundball, 4D, EV 103.8 MPH) Matt Hyde to second Runner from 2nd tries for 3rd, SAFE, throw by RF made to third
|
|
Batting: RHB Mike Warzecha
|
0-0: Ball 1-0: Ground out 5-3 (Groundball, 56S, EV 92.5 MPH)
|
| Bottom of the 6th over - 1 run, 3 hits, 0 errors, 2 left on base; Tacoma 2 - Charlotte 3 |
| TOP OF THE 7TH |
|
Tacoma Rainiers batting - Pitching for Charlotte Knights : RHP Andy Gibson
|
|
Batting: RHB Tony Vargas
|
0-0: Called Strike 0-1: Swinging Strike 0-2: Ball 1-2: Ball 2-2: Ball 3-2: Fly out, F9 (Flyball, 9, EV 84.4 MPH)
|
|
Batting: RHB Rick Ellis
|
0-0: Called Strike 0-1: Ball 1-1: Foul Ball, location: 2F 1-2: Strikes out swinging, 2-3 out at first.
|
|
Batting: RHB Tatsunori Hayakawa
|
0-0: Ground out 4-3 (Groundball, 4, EV 102.5 MPH)
|
| Top of the 7th over - 0 runs, 0 hits, 0 errors, 0 left on base; Tacoma 2 - Charlotte 3 |
| BOTTOM OF THE 7TH |
|
Charlotte Knights batting - Pitching for Tacoma Rainiers : RHP Chris Gilbo
|
|
Batting: RHB Jose Medina
|
0-0: Fly out, F5 (Line Drive, 56, EV 70.0 MPH)
|
|
Batting: RHB John Iddings
|
0-0: Called Strike 0-1: Ball 1-1: Fly out, F8 (Flyball, 8LM, EV 93.1 MPH)
|
|
Batting: RHB Jason Moss
|
0-0: Called Strike 0-1: Ball 1-1: Ball 2-1: Foul Ball, location: 2F 2-2: Strikes out swinging
|
| Bottom of the 7th over - 0 runs, 0 hits, 0 errors, 0 left on base; Tacoma 2 - Charlotte 3 |
| TOP OF THE 8TH |
|
Tacoma Rainiers batting - Pitching for Charlotte Knights : RHP Andy Gibson
|
|
Batting: RHB Kevin Chafe
|
0-0: Ball 1-0: Called Strike 1-1: Swinging Strike 1-2: Ground out 5-3 (Groundball, 5D, EV 80.0 MPH)
|
|
Batting: RHB Kikuo Sato
|
0-0: Ball 1-0: Foul Ball, location: 2F 1-1: Ball 2-1: Called Strike 2-2: Fly out, F8 (Flyball, 8LD, EV 95.0 MPH)
|
|
Batting: LHB Caleb Domino
|
0-0: Ball 1-0: Foul Ball, location: 2F 1-1: Ball 2-1: Ball 3-1: Foul Ball, location: 2F 3-2: SINGLE (Groundball, P, EV 82.5 MPH) (infield hit)
|
|
Pitching: RHP Craig Potter
|
|
|
Batting: RHB Brad Robidas
|
0-0: Reached on error, E6 (Groundball, 6, EV 93.1 MPH) Caleb Domino to second
|
|
Batting: RHB Harutomi Matsubara
|
0-0: Fly out, F9 (Flyball, 9, EV 84.4 MPH)
|
| Top of the 8th over - 0 runs, 1 hit, 1 error, 2 left on base; Tacoma 2 - Charlotte 3 |
| BOTTOM OF THE 8TH |
|
Charlotte Knights batting - Pitching for Tacoma Rainiers : RHP Chris Gilbo
|
|
Pitching: RHP Aidan Martin
|
|
|
Batting: LHB John Thurman
|
0-0: Called Strike 0-1: Ball 1-1: Foul Ball, location: 2F 1-2: Ball 2-2: Strikes out swinging
|
|
Batting: LHB Angel Tellez
|
0-0: SOLO HOME RUN (Flyball, 78XD, EV 98.8 MPH), Distance : 399 ft
|
|
Batting: LHB Dustin Taylor
|
0-0: Called Strike 0-1: Swinging Strike 0-2: Strikes out swinging
|
|
Batting: LHB Matt Hyde
|
0-0: Foul Ball, location: 2F 0-1: Ball 1-1: Ball 2-1: SINGLE (Groundball, 25, EV 62.5 MPH) (infield hit)
|
|
Batting: RHB Micah Brown
|
0-0: Ball 1-0: Ball 2-0: Swinging Strike 2-1: Fielders Choice at 2nd, 6-4 (Groundball, 56, EV 105.6 MPH)
|
| Bottom of the 8th over - 1 run, 2 hits, 0 errors, 1 left on base; Tacoma 2 - Charlotte 4 |
| TOP OF THE 9TH |
|
Tacoma Rainiers batting - Pitching for Charlotte Knights : RHP Craig Potter
|
|
Batting: LHB Ryan Lowe
|
0-0: Called Strike 0-1: Foul Ball, location: 2F 0-2: Strikes out looking
|
|
Batting: RHB Tony Vargas
|
0-0: Swinging Strike 0-1: Ball 1-1: Ball 2-1: Foul Ball, location: 2F 2-2: Ground out 5-3 (Groundball, 5, EV 91.2 MPH)
|
|
Batting: RHB Rick Ellis
|
0-0: Foul Ball, location: 2F 0-1: Ball 1-1: Foul Ball, location: 2F 1-2: Ball 2-2: Foul Ball, location: 2F 2-2: DOUBLE (Flyball, 8RXD, EV 107.5 MPH)
|
|
Batting: RHB Tatsunori Hayakawa
|
0-0: Swinging Strike 0-1: Ball Wild Pitch! Rick Ellis to third 1-1: Ball Wild Pitch! Rick Ellis scores 2-1: Swinging Strike 2-2: Strikes out swinging
|
| Top of the 9th over - 1 run, 1 hit, 0 errors, 0 left on base; Tacoma 3 - Charlotte 4 |
|